 Dungeon Crawl Stone Soup version 0.27-a0-1342-ga99462a43c (webtiles) character file.

Game seed: 11957763550490395169

359 PentaManta the Insei (level 6, -9/38 HPs)
             Began as an Octopode Transmuter on June 27, 2021.
             Hit by a boomerang thrown by an orc warrior (12 damage)
             ... on level 4 of the Dungeon.
             The game lasted 00:06:26 (3817 turns).

PentaManta the Insei (Octopode Transmuter)          Turns: 3817, Time: 00:06:27

Health: -9/38      AC:  1    Str: 10    XL:     6   Next: 65%
Magic:  8/9        EV: 13    Int: 15    God:
Gold:   166        SH:  0    Dex: 14    Spells: 3/9 levels left

rFire    . . .     SeeInvis .     - Unarmed
rCold    . . .     Faith    .   (no shield)
rNeg     . . .     Spirit   .   (helmet currently unavailable)
rPois    .         Reflect  .   (no amulet)
rElec    .         Harm     .   (no ring)
rCorr    .         Rampage  .   (no ring)
Will     .....                  (no ring)
Stlth    ++........             (no ring)
HPRegen  0.12/turn              (no ring)
MPRegen  0.11/turn              (no ring)
                                (no ring)
                                (no ring)

@: appendages
A: tentacle spike 3, almost no armour, amphibious, 8 rings, camouflage 1,
gelatinous body 1, (nimble swimmer 1), tentacles
a: End Transformation


You were on level 4 of the Dungeon.
One of your tentacles had grown a beastly spike.
You visited 1 branch of the dungeon, and saw 4 of its levels.

You collected 166 gold pieces.

Inventory:

Scrolls
 b - 3 scrolls of acquirement {unknown}
 c - a scroll of magic mapping {unknown}
 d - a scroll of fear {unknown}
 f - a scroll of vulnerability {unknown}
 h - 4 scrolls of identify {unknown}
 j - a scroll of holy word {unknown}
 k - a scroll of blinking {unknown}
Potions
 a - a potion of flight {unknown}
 e - a potion of magic {unknown}
 g - 3 potions of curing {unknown}
 i - 2 potions of brilliance {unknown}


   Skills:
 - Level 1.0 Fighting
 - Level 2.0 Dodging
 - Level 7.0 Unarmed Combat
 + Level 2.1 Spellcasting
 * Level 2.3 Transmutations
 * Level 1.1 Poison Magic


You had 3 spell levels left.
You knew the following spells:

 Your Spells              Type           Power      Damage    Failure   Level
a - Beastly Appendage     Tmut           16%        N/A       9%          1
b - Wereblood             Tmut           8%         N/A       13%         2
c - Spider Form           Tmut/Pois      3%         N/A       32%         3

Your spell library contained the following spells:

 Spells                   Type           Power      Damage    Failure   Level
 Animate Skeleton         Necr           2%         N/A       22%         1
 Apportation              Tloc           2%         N/A       22%         1
 Corona                   Hex            1%         N/A       22%         1
 Summon Small Mammal      Summ           4%         N/A       22%         1
 Ice Form                 Ice/Tmut       5%         N/A       80%         4


Dungeon Overview and Level Annotations

Branches:
Dungeon (4/15)
 Temple: D:4-7

Altars:


Innate Abilities, Weirdness & Mutations

One of your tentacles has grown a beastly spike.
You cannot wear most types of armour.
You are amphibious.
You can wear up to eight rings at the same time.
Your skin changes colour to match your surroundings (Stealth+).
Your rubbery body absorbs attacks. (AC +1, EV +1)
((You are camouflaged near water. (Stealth+)))
You have tentacles for arms and can constrict up to eight enemies at once.


Message History

An orc priest comes into view. It is wielding a +0 club.
The orc shouts!
You tentacle-slap the orc.
You kill the orc!
You hear a shout! x3
You bludgeon the orc priest! You grab the orc priest.
The orc priest is heavily wounded.
You constrict the orc priest. The orc priest hits you with a +0 club.
You completely miss the orc priest.
The orc priest is severely wounded.
You constrict the orc priest.
An orc warrior comes into view. It is wielding a +0 halberd.
You tentacle-slap the orc priest.
You kill the orc priest!
The orc warrior throws a boomerang.
The boomerang barely misses you.
Your Poison Magic skill increases to level 1!
The orc warrior barely misses you.
Items here: ( )) [ †.
Casting: Beastly Appendage (safe; 9% risk of failure)
Confirm with . or Enter, or press ? or * to list all spells.
One of your tentacles grows a vicious spike.
The orc warrior closely misses you.
You tentacle-slap the orc warrior but do no damage.
You grab the orc warrior.
You constrict the orc warrior, but do no damage.
The orc warrior hits you with a +0 halberd!
You tentacle-slap the orc warrior.
The orc warrior is lightly wounded.
You constrict the orc warrior.
An orc comes into view. It is wielding a +0 short sword.
The orc warrior hits you with a +0 halberd!
* * * LOW HITPOINT WARNING * * *
You tentacle-slap the orc warrior but do no damage.
The orc warrior is lightly wounded.
You constrict the orc warrior, but do no damage.
You release your grip on the orc warrior.
The orc warrior hits you from afar with a +0 halberd.
* * * LOW HITPOINT WARNING * * *
The orc warrior throws a boomerang.
The boomerang hits you!
You die...

##.# ##...# .. ##.....
#.# #...... #.# .......
#.# ##### #......
#######.# .....
.#.....###.....#.#
#####
.......o..@....#.# #..
..####.#######...###..#
... #........# ##..
#..####<## ##. #.## #.#
#. #.# #.# #o
##.#####.### ..
#..).......##
#.#...###.#..##


You could see an orc warrior.

Vanquished Creatures
  A black bear (D:4)
  A hound (D:4)
  A bullfrog skeleton (D:4)
  Crazy Yiuf (D:2)
  An orc priest (D:4)
  Terence (D:2)
  An orc wizard (D:4)
  3 adders
  An adder skeleton (D:4)
  2 worms
  3 dart slugs
  An orc (D:4)
  8 endoplasms
  5 giant cockroaches
  4 goblins (D:2)
  A hobgoblin (D:4)
  7 jackals
  2 quokkas
  7 ball pythons
  7 bats
  3 frilled lizards
  2 kobolds (D:1)
  2 rats (D:1)
65 creatures vanquished.

Notes
Turn   | Place    | Note
-------+----------+-------------------------------------------
     0 | D:1      | PentaManta the Octopode Transmuter began the quest for the
                  | Orb.
     0 | D:1      | Reached XP level 1. HP: 13/13 MP: 3/3
    43 | D:1      | Reached XP level 2. HP: 16/18 MP: 5/5
   834 | D:1      | Reached skill level 4 in Unarmed Combat
   905 | D:1      | Reached XP level 3. HP: 23/23 MP: 6/6
   913 | D:1      | You fall into a shaft and drop 1 floor!
   914 | D:2      | Noticed Terence
   930 | D:2      | Killed Terence
  1226 | D:1      | Reached XP level 4. HP: 28/28 MP: 7/7
  1277 | D:2      | Found a faded altar of an unknown god.
  1528 | D:2      | Reached skill level 5 in Unarmed Combat
  1767 | D:2      | Found a runed translucent door.
  1768 | D:2      | Noticed Crazy Yiuf
  2548 | D:2      | Killed Crazy Yiuf
  2549 | D:2      | Reached XP level 5. HP: 28/33 MP: 6/8
  3318 | D:4      | Reached skill level 6 in Unarmed Combat
  3508 | D:4      | Noticed a black bear
  3518 | D:4      | Killed a black bear
  3519 | D:4      | Reached skill level 7 in Unarmed Combat
  3519 | D:4      | Reached XP level 6. HP: 19/38 MP: 9/9
  3680 | D:4      | Learned a level 2 spell: Wereblood
  3684 | D:4      | Learned a level 3 spell: Spider Form
  3808 | D:4      | Noticed an orc warrior
  3810 | D:4      | Reached skill level 1 in Poison Magic
  3817 | D:4      | Hit by a boomerang thrown by an orc warrior

Illustrated notes

Levels and vault maps discovered:
D:1:      dpeg_arrival_stonehenge_12_columns, layout_basic, minmay_tromino_v4_c
D:2:      layout_rooms, basic_ecumenical_altar, amcnicky_mini_pool_small,
          minmay_increasing_density, uniq_crazy_yiuf_cottage, uniq_terence
D:3:      layout_loops_cross, chequers_serial_rivers_micro_e
D:4:      layout_loops_corners, lemuel_round_altar,
          lemuel_mausoleum_altar_kikubaaqudgha,
          nicolae_wu_jian_immortal_techniques, kennysheep_mini,
          guppyfry_early_orc_mine

Skill      XL: |  1  2  3  4  5  6 |
---------------+-------------------+-----
Unarmed Combat | 4 5 7 |  7.0
Poison Magic   | 1 |  1.1
Fighting       | |  1.0
Dodging        | |  2.0
Spellcasting   | |  2.1
Transmutations | |  2.3

Action                   |  1- 3 |  4- 6 || total
-------------------------+-------+-------++-------
Melee: Unarmed           |    76 |    85 ||   161
       Constrict         |    16 |    23 ||    39
       Tentacles         |    13 |    15 ||    28
       Kick              |     4 |    21 ||    25
       Punch             |     1 |     2 ||     3
 Cast: Beastly Appendage |     1 |    25 ||    26
 Stab: Sleeping          |     3 |     5 ||     8
Armor: Skin              |    14 |     6 ||    20
Dodge: Dodged            |    63 |    49 ||   112

Table legend: (Time is in decaauts)
 A = Elapsed time spent in this place.
 B = Non-inter-level travel time spent in this place.
 C = Inter-level travel time spent in this place.
 D = Time resting spent in this place.
 E = Time spent auto-exploring this place.
 F = Levels seen in this place.
 G = Mean time per level.
                   A        B        C        D        E       F      G
               +--------+--------+--------+--------+--------+-----+--------+
         Total |   3803 |   3744 |     59 |   1126 |   2044 |   4 |  950.8 |
       Dungeon |   3803 |   3744 |     59 |   1126 |   2044 |   4 |  950.8 |
               +--------+--------+--------+--------+--------+-----+--------+

Top non-repeatable levels by time:
     D:2: 1557 daAuts
     D:1: 1046 daAuts
     D:3: 680 daAuts
     D:4: 518 daAuts
